 Dungeon Crawl Stone Soup version 0.20.1-1-g8b1a95d (webtiles) character file.

1299 BALLS the Carver (level 8, -4/43 HPs)
             Began as a Vine Stalker Fighter on Nov 28, 2017.
             Killed from afar by an orc wizard (8 damage)
             ... with a puff of flame
             ... on level 6 of the Dungeon.
             The game lasted 00:11:29 (3947 turns).

BALLS the Carver (Vine Stalker Fighter)             Turns: 3947, Time: 00:11:29

Health: -4/43      AC:  9    Str: 21    XL:     8   Next: 57%
Magic:  0/9        EV:  7    Int:  8    God:
Gold:   167        SH:  9    Dex: 14    Spells: 7/7 levels left

rFire    . . .     SeeInvis .   a - +0 long sword
rCold    . . .     Gourm    .   c - +0 shield
rNeg     . . .     Faith    .   b - +0 scale mail
rPois    .         Spirit   +   m - +0 helmet
rElec    .         Reflect  .   (no cloak)
rCorr    .         Harm     .   B - +0 pair of gloves
MR       +....                  (no boots)
Stlth    ..........             (no amulet)
Regen    0.6/turn               (no ring)
MPRegen  0.2/turn               (no ring)

@: no status effects
A: fangs 3, regeneration 1, magic shield, antimagic bite, no potion heal 3, rot
immunity
a: no special abilities


You were on level 6 of the Dungeon.
You were hungry.

You visited 1 branch of the dungeon, and saw 6 of its levels.

You collected 167 gold pieces.

Inventory:

Hand Weapons
 a - a +0 long sword (weapon)
Armour
 b - a +0 scale mail (worn)
 c - a +0 shield (worn)
 m - a +0 helmet (worn)
 B - a +0 pair of gloves (worn)
Wands
 r - a wand of polymorph (6/24)
Scrolls
 j - 9 scrolls of identify {unknown}
 n - 2 scrolls of amnesia {unknown}
 o - a scroll of random uselessness {unknown}
 p - 2 scrolls of enchant weapon {unknown}
 q - a scroll of teleportation {unknown}
 w - a scroll of blinking {unknown}
 y - 4 scrolls of remove curse {unknown}
 z - 3 scrolls of noise {unknown}
 A - a scroll of recharging {unknown}
Potions
 d - a potion of might
 e - 3 potions of resistance {unknown}
 k - a potion of brilliance {unknown}
 l - a potion of curing {unknown}
 s - a potion of heal wounds {unknown}
 t - a potion of flight {unknown}
 x - a potion of haste {unknown}
Books
 u - a book of Necromancy

   Spells                             Type                      Level
   a - Pain                           Necromancy                   1
   b - Animate Skeleton               Necromancy                   1
   c - Vampiric Draining              Necromancy                   3
   d - Regeneration                   Charms/Necromancy            3
   e - Animate Dead                   Necromancy                   4
   f - Control Undead                 Necromancy                   4
Comestibles
 f - 4 bread rations
 g - 7 chunks of flesh
 h - 4 meat rations
 i - 3 royal jellies
 v - 4 fruits


   Skills:
 - Level 5.3 Fighting
 - Level 8.0 Long Blades
 + Level 3.0 Armour
 - Level 2.6 Shields


You had 7 spell levels left.
You didn't know any spells.

Dungeon Overview and Level Annotations

Branches:
Dungeon (6/15)
 Temple: D:4-7

Altars:
Ashenzari
Fedhas
Hepliaklqana
Ru
Vehumet
Yredelemnul

Annotations:
D:3 2 transporters
D:5 2 transporters


Innate Abilities, Weirdness & Mutations

You have razor-sharp teeth.
Your natural rate of healing is unusually fast.
When hurt, damage is shared between your health and your magic reserves.
Your bite disrupts and absorbs the magic of your enemies.
Potions cannot restore your health.
You are immune to rotting.


Message History

You bite the orc priest, but do no damage.
The orc priest is almost dead.
The orc hits you. You block the orc priest's attack.
Something hits you but does no damage. The orc barely misses you.
You slash the orc priest!
You kill the orc priest!
Your Armour skill increases to level 3!
Something hits you but does no damage. The orc closely misses you.
You riposte.
You closely miss the orc. Your bite misses the orc.
The orc hits you but does no damage.
An orc warrior comes into view. It is wielding a hand axe.
The orc warrior shouts!
You block something's attack.
The orc zaps a wand.
The bolt of lightning hits you!
It is a wand of lightning (?/15).
The orc zaps a wand.
The bolt of lightning hits you!
* * * LOW HITPOINT WARNING * * *
You hear some strange, mumbled words.
A puff of flame appears from out of thin air!
The puff of flame hits you!
You die...

#.###.##....
##.)..........
#.............
#.............
#.....####....
#...oo# ....
##....# ###
#....##
#.@...#
######....##
#(..##....#
#.#.#.....#
#.#...##'##
#.###.##.#
#######.#
#.##.#
#<......#
#.##.#
#########
#.##.#


You could see an orc warrior and an orc.

Vanquished Creatures
  An orc warrior (D:4)
  An ogre (D:5)
  2 phantoms (D:6)
  A bullfrog (D:6)
  2 scorpions (D:6)
  A centaur zombie (D:5)
  A crimson imp (D:5)
  A quasit (D:6)
  2 hounds
  5 orc priests
  A jelly (D:6)
  3 iguanas
  Natasha (twice) (D:2)
  4 worker ants
  A hound zombie (D:5)
  A worker ant zombie (D:6)
  Robin (D:2)
  3 gnolls (D:6)
  9 adders
  An ooze (D:4)
  3 worms
  A dart slug (D:4)
  11 orcs
  A ball python (D:3)
  A giant cockroach (D:2)
  15 goblins
  5 hobgoblins
  4 jackals
  2 bats
  6 frilled lizards
  2 kobolds
  A leopard gecko skeleton (D:4)
  A quokka skeleton (D:5)
  3 rats
  A spectral orc (D:5)
100 creatures vanquished.

Notes
Turn   | Place    | Note
-------+----------+-------------------------------------------
     0 | D:1      | BALLS the Vine Stalker Fighter began the quest for the Orb.
     0 | D:1      | Reached XP level 1. HP: 11/11 MP: 2/2
    51 | D:1      | Reached skill level 2 in Long Blades
   433 | D:2      | Reached XP level 2. HP: 16/16 MP: 3/3
   521 | D:2      | Found a shattered altar of Ashenzari.
   563 | D:2      | Found a sacrificial altar of Ru.
   617 | D:2      | Reached skill level 3 in Long Blades
   617 | D:2      | Reached XP level 3. HP: 18/19 MP: 4/4
   812 | D:2      | Noticed Robin
  1067 | D:2      | Noticed Natasha
  1073 | D:2      | Killed Natasha
  1073 | D:2      | Reached skill level 4 in Long Blades
  1073 | D:2      | Gained mutation: Your natural rate of healing is unusually fast. [Vine Stalker growth]
  1073 | D:2      | Reached XP level 4. HP: 10/23 MP: 5/5
  1318 | D:2      | Killed Robin
  1393 | D:2      | Noticed Natasha
  1397 | D:2      | Killed Natasha
  1397 | D:2      | Reached XP level 5. HP: 27/27 MP: 6/6
  1689 | D:3      | Found a radiant altar of Vehumet.
  1730 | D:3      | Reached skill level 5 in Long Blades
  1780 | D:3      | Found a hazy altar of Hepliaklqana.
  1782 | D:3      | Found a transporter.
  1795 | D:3      | Found a transporter.
  2257 | D:4      | Found a blossoming altar of Fedhas.
  2299 | D:4      | Reached XP level 6. HP: 21/32 MP: 7/7
  2477 | D:4      | Reached skill level 6 in Long Blades
  2697 | D:5      | Entered Level 5 of the Dungeon
  2793 | D:5      | Reached XP level 7. HP: 31/36 MP: 8/8
  2889 | D:5      | Found a transporter.
  2891 | D:5      | Found a transporter.
  3071 | D:5      | Noticed a kobold demonologist
  3137 | D:5      | Reached skill level 7 in Long Blades
  3177 | D:5      | Found a basalt altar of Yredelemnul.
  3547 | D:6      | Reached skill level 8 in Long Blades
  3547 | D:6      | Gained mutation: You have razor-sharp teeth. [Vine Stalker growth]
  3547 | D:6      | Reached XP level 8. HP: 36/40 MP: 9/9
  3907 | D:6      | Reached skill level 5 in Fighting
  3943 | D:6      | HP: 1/43 [orc/wand of lightning (?/15) (14)]
  3947 | D:6      | Killed from afar by an orc wizard

Skill      XL: |  1  2  3  4  5  6  7  8 |
---------------+-------------------------+-----
Long Blades    | 2 3 4 5 6 8 |  8.0
Fighting       | 3 5 |  5.3
Armour         | 3 |  3.0
Shields        | |  2.6

Action                   |  1- 3 |  4- 6 |  7- 9 || total
-------------------------+-------+-------+-------++-------
Melee: Long sword        |    57 |   160 |   164 ||   381
       Bite              |    15 |    51 |    59 ||   125
  Eat: Chunk             |     1 |     5 |     4 ||    10
Armor: Scale mail        |    19 |    55 |    41 ||   115
Dodge: Dodged            |    12 |    37 |    44 ||    93
Block: Shield            |    31 |    79 |    60 ||   170
       Rpst.: Long sword |     5 |    12 |     6 ||    23
